cohdb
Replays
Latest Replays
All Replays
Popular Replays
Top Player Replays
Match Explorer
How It Works
Community
CoH3 Stats
Reddit
Sign in to upload your games and track your stats! →
Sign in with Steam
Match 46675035
Unlisted
Match 46675035
Overview
Messages
Build Orders
End
Kettenkrad Recon Vehicle
Construct Infanterie Kompanie
Grenadier Squad
Grenadier Squad
Grenadier Squad
Selects Breakthrough Battlegroup
Selects Assault Grenadiers
Medical Station
Infanterie Officer Quarters
Grenadier Squad
Construct Panzergrenadier Kompanie
Selects Smoke Bombing Run
Pak 40 Anti-tank Gun Team
Smoke Bombing Run
Support Elements
Selects Incendiary Bombing Run
Selects Rapid Production
Nebelwerfer 42 Rocket Launcher Team
Incendiary Bombing Run
StuG III G Assault Gun
StuG III G Assault Gun
Side Skirts
Incendiary Bombing Run
Pioneer Squad
Pioneer Squad
Selects Blitzkrieg
Panzergrenadier Officer Quarters
Smoke Bombing Run
StuG III G Assault Gun
StuG III G Assault Gun
StuG III G Assault Gun
StuG III G Assault Gun
Incendiary Bombing Run
mi prima de Cifuentes
SED-Kreisleitung
SUPER_NOOB
basketball
wula
zq954368
拟态虫
GodEr
0
0
Comments
sign in to comment!
No comments posted yet!